 Dungeon Crawl Stone Soup version 0.31-a0-466-g98c9adc2b6 (webtiles) character file.

Game seed: 17569962120909632538

54434 Crownlay the Earth Mage (level 14, -6/86 HPs)
             Began as a Gargoyle Earth Elementalist on Aug 3, 2023.
             Was an Elder of Vehumet.
             Mangled by a polar bear (7 damage)
             ... on level 5 of the Lair of Beasts on Aug 5, 2023.
             The game lasted 00:46:49 (20575 turns).

Crownlay the Earth Mage (GrEE)                     Turns: 20575, Time: 00:46:50

Health: -6/86      AC: 24    Str: 13    XL:     14   Next: 72%
Magic:  0/40       EV: 11    Int: 20    God:    Vehumet [****..]
Gold:   932        SH:  0    Dex: 10    Spells: 32/40 levels left

rFire   . . .        r - +5 falchion of Obrac {freeze, Fragile Fly rN+++}
rCold   . . .        (no shield)
rNeg    + + +        A - +0 steam dragon scales
rPois   ∞            K - +2 hat {SInv}
rElec   +            l - +2 cloak
rCorr   .            (no gloves)
SInv    +            (no boots)
Will    +....        D - amulet of guardian spirit
Stlth   ++           n - ring of magical power
HPRegen 0.34/turn    N - +4 ring of protection
MPRegen 0.27/turn

%: guardian spirit
@: flying, studying Throwing
A: sickness immunity, AC +10, big wings, negative energy resistance 1,
electricity resistance, torment resistance 1, petrification resistance
a: Renounce Religion


You were on level 5 of the Lair of Beasts.
You worshipped Vehumet.
Vehumet was greatly pleased with you.
You visited 3 branches of the dungeon, and saw 15 of its levels.

You collected 1334 gold pieces.
You spent 402 gold pieces at shops.

Inventory:

Hand Weapons
 r - the +5 falchion of Obrac (weapon) {freeze, Fragile Fly rN+++}
   (You found it on level 3 of the Dungeon)

   rN:        It renders you almost immune to negative energy.
   Fly:       It grants you flight.
   Fragile:   It will be destroyed if unequipped.
Missiles
 G - 4 throwing nets
Armour
 l - a +2 cloak (worn)
 A - +0 steam dragon scales (worn)
 K - a +2 hat of see invisible (worn)
Jewellery
 n - a ring of magical power (left hand)
 D - an amulet of guardian spirit (around neck)
 L - a ring of ice
 N - a +4 ring of protection (right hand)
Wands
 e - a wand of flame (52)
 q - a wand of charming (32)
 u - a wand of mindburst (11)
 E - a wand of iceblast (23)
 H - a wand of polymorph (2)
Scrolls
 a - 5 scrolls of vulnerability
 f - 2 scrolls of brand weapon
 g - 4 scrolls of amnesia
 i - a scroll of torment {unknown}
 j - 3 scrolls of blinking
 m - 4 scrolls of poison
 t - 3 scrolls of teleportation
 v - 4 scrolls of noise
 w - 4 scrolls of revelation
 x - 4 scrolls of enchant armour
 y - a scroll of fear {unknown}
 z - 2 scrolls of enchant weapon
 C - a scroll of silence {unknown}
 J - a scroll of immolation {unknown}
Potions
 b - a potion of invisibility {unknown}
 c - 2 potions of mutation {unknown}
 d - 3 potions of curing
 h - 4 potions of heal wounds {unknown}
 k - 2 potions of resistance {unknown}
 o - 6 potions of haste {unknown}
 p - a potion of cancellation {unknown}
 s - 3 potions of lignification
 B - 2 potions of might
 F - a potion of attraction {unknown}
 I - a potion of enlightenment {unknown}
 M - 2 potions of berserk rage {unknown}


   Skills:
 + Level 9.4 Fighting
 - Level 1.5 Dodging
 - Level 2.1 Stealth
 + Level 13.9 Spellcasting
 - Level 12.0 Conjurations
 - Level 6.1 Summonings
 - Level 4.0 Necromancy
 - Level 0.7 Transmutations
 + Level 3.1 Fire Magic
 + Level 15.3 Earth Magic


You had 32 spell levels left.
You knew the following spells:

 Your Spells              Type           Power      Damage    Failure   Level
a - Sandblast             Erth           100%       2d20      0%          1
b - Stone Arrow           Conj/Erth      100%       3d13      1%          3
c - Leda's Liquefaction   Hex/Erth       22%        N/A       1%          4

Your spell library contained the following spells:

 Spells                   Type           Power      Damage    Failure   Level
 Olgreb's Toxic Radiance  Pois           13%        N/A       13%         4
 Passwall                 Tmut/Erth      38%        N/A       1%          2
 Call Canine Familiar     Summ           38%        N/A       1%          3
 Animate Armour           Summ/Erth      100%       N/A       1%          4
 Flame Wave               Conj/Fire      44%        2d11      1%          4
 Iskenderun's Mystic Bla  Conj/Tloc      37%        2d9       1%          4
 Petrify                  Tmut/Erth      46%        N/A       1%          4
 Sticky Flame             Conj/Fire      44%        2d6       1%          4
 Inner Flame              Hex/Fire       20%        N/A       2%          3
 Arcjolt                  Conj/Air       18%        1d28      3%          5
 Frozen Ramparts          Ice            26%        1d4       4%          3
 Ensorcelled Hibernation  Hex/Ice        26%        N/A       7%          2
 Summon Ice Beast         Ice/Summ       26%        N/A       13%         4
 Portal Projectile        Hex/Tloc       26%        N/A       14%         3
 Swiftness                Air            13%        N/A       14%         3
 Tukima's Dance           Hex            13%        N/A       14%         3
 Vhi's Electric Charge    Tloc/Air       26%        N/A       14%         3
 Anguish                  Hex/Necr       10%        N/A       21%         4
 Lehudib's Crystal Spear  Conj/Erth      31%        10d8      28%         8
 Summon Mana Viper        Hex/Summ       26%        N/A       36%         5
 Cause Fear               Hex            6%         N/A       43%         4
 Passage of Golubria      Tloc           13%        N/A       43%         4
 Plasma Beam              Fire/Air       10%        2x1d21    65%         6
 Metabolic Englaciation   Hex/Ice        6%         N/A       78%         5
 Silence                  Hex/Air        6%         N/A       78%         5
 Monstrous Menagerie      Summ           19%        N/A       97%         7
 Enfeeble                 Hex            6%         N/A       100%        7
 Malign Gateway           Summ/Tloc      13%        N/A       100%        7
 Summon Horrible Things   Summ           19%        N/A       100%        8


Dungeon Overview and Level Annotations

Branches:
Dungeon (9/15)             Temple (1/1) D:6            Lair (5/5) D:8
  Swamp (0/4) Lair:2        Snake (0/4) Lair:3        Slime (0/5) Lair:4
    Orc (0/2) D:9

Altars:
Ashenzari
Cheibriados
Dithmenos
Elyvilon
Fedhas
Gozag
Hepliaklqana
Kikubaaqudgha
Makhleb
Nemelex Xobeh
Okawaru
Ru
Sif Muna
Trog
Uskayaw
Vehumet
Wu Jian
Xom
Yredelemnul
Zin
The Shining One
Jiyva

Shops:
D:3 ?

Annotations:
Lair:2 2 transporters


Innate Abilities, Weirdness & Mutations

You are immune to sickness and miasma.
Your stone body is resilient. (AC +10)
You are immune to poison.
Your large and strong wings let you fly.
You resist negative energy. (rN+)
You are resistant to electric shocks. (rElec)
You are resistant to unholy torment.
You are immune to petrification.


Message History

The polar bear is heavily wounded.
The polar bear barely misses you. The polar bear closely misses you.
The polar bear claws you but does no damage.
The polar bear bites you. The polar bear barely misses you.
The polar bear closely misses you.
Casting: Sandblast (safe; 0% risk of failure)
Confirm with . or Enter, or press ? or * to list all spells.
Aiming: Sandblast (safe; 0% risk of failure)
Press: ? - help, Shift-Dir - straight line, f/p - polar bear
Aim: a polar bear (heavily wounded, 89% to hit)
The blast of sand hits the polar bear!
The polar bear is almost dead.
The polar bear goes berserk!
Casting: Sandblast (safe; 0% risk of failure)
Confirm with . or Enter, or press ? or * to list all spells.
Aiming: Sandblast (safe; 0% risk of failure)
Press: ? - help, Shift-Dir - straight line, f/p - polar bear
Aim: a polar bear (almost dead, berserk, 89% to hit)
The blast of sand hits the polar bear!
The polar bear is almost dead.
The polar bear barely misses you. The polar bear misses you.
The polar bear claws you but does no damage.
The polar bear bites you. The polar bear claws you.
* * * LOW HITPOINT WARNING * * *
The polar bear closely misses you.
Casting: Sandblast (safe; 0% risk of failure)
Confirm with . or Enter, or press ? or * to list all spells.
Aiming: Sandblast (safe; 0% risk of failure)
Press: ? - help, Shift-Dir - straight line, f/p - polar bear
Aim: a polar bear (almost dead, berserk, 89% to hit)
The blast of sand misses the polar bear.
The polar bear bites you!
* * * LOW HITPOINT WARNING * * *
The polar bear claws you.
* * * LOW HITPOINT WARNING * * *
The polar bear closely misses you. The polar bear bites you!
* * * LOW HITPOINT WARNING * * *
The polar bear barely misses you. The polar bear misses you.
The polar bear bites you!
You die...

..P..P##### .P...##
....## ....#### ######
...#...##########.#..##
..#.....#.#.#.##.#...:#
P#............#.#h...###.
####...#........#hh......
####.#...#..†@#....##.
#######..####hh## #†.#
#h.. #.....# .....
.......### .... ......##
h.. ..#.## .h. . ##


You could see a polar bear (berserk) and 2 black bears.

Vanquished Creatures
  Rupert (Lair:3)
  Gastronok (Lair:3)
  Nessos (Lair:3)
  A dire elephant (Lair:5)
  Harold (D:9)
  3 hydras
  4 death yaks
  4 catoblepae
  Urug (Lair:5)
  2 lindwurms (Lair:5)
  An ugly thing (D:8)
  An oklob plant (Lair:5)
  2 manticores (Lair:5)
  7 black mambas
  24 elephants
  A torpor snail (Lair:5)
  16 cane toads
  8 komodo dragons
  6 rime drakes
  A troll (D:9)
  7 polar bears (Lair:5)
  Grinder (D:3)
  Prince Ribbit (D:7)
  7 blink frogs
  8 dream sheep
  A slime creature (D:7)
  3 wyverns
  4 basilisks
  39 yaks
  2 steam dragons
  Edmund (D:6)
  Menkaure (D:6)
  2 wargs (Lair:5)
  4 nagas (Lair:3)
  10 water moccasins
  7 hell hounds (Lair:5)
  A sky beast (D:8)
  3 ice beasts (D:8)
  11 black bears
  2 ogres
  2 orc warriors
  21 wolves
  A phantom (D:6)
  2 kobold brigands
  14 bullfrogs
  7 scorpions
  5 wights (D:8)
  A hornet simulacrum (D:8)
  6 killer bees (D:7)
  A howler monkey (D:7)
  4 electric eels
  8 jellies
  7 hounds
  Crazy Yiuf (D:4)
  3 orc priests
  A gnoll bouda (D:9)
  Ijyb (D:3)
  2 hell rats
  7 iguanas
  Natasha (thrice) (D:3)
  8 orc wizards
  2 centaur simulacra (D:8)
  6 adders
  14 gnolls
  A shadow imp (D:5)
  5 white imps
  3 ufetubi
  2 worms
  A dart slug (D:2)
  33 orcs
  7 bats
  14 endoplasms
  14 giant cockroaches
  6 goblins
  7 hobgoblins
  2 quokkas
  5 ball pythons
  7 frilled lizards
  18 kobolds
  4 rats
457 creatures vanquished.

Vanquished Creatures (others)
  A rime drake (Lair:3)
  An orc wizard (D:4)
2 creatures vanquished.

Grand Total: 459 creatures vanquished

Notes
Turn   | Place    | Note
-------+----------+-------------------------------------------
     0 | D:1      | Crownlay the Gargoyle Earth Elementalist began the quest
                  | for the Orb.
     0 | D:1      | Reached XP level 1. HP: 10/10 MP: 3/3
   226 | D:1      | Reached XP level 2. HP: 15/15 MP: 1/5
   359 | D:1      | Reached skill level 4 in Earth Magic
   776 | D:1      | Reached XP level 3. HP: 19/19 MP: 5/7
   780 | D:1      | Learned a level 3 spell: Stone Arrow
   817 | D:1      | Found a faded altar of an unknown god.
  1823 | D:2      | Reached XP level 4. HP: 24/24 MP: 7/9
  1922 | D:3      | Noticed Natasha
  1930 | D:3      | Killed Natasha
  1963 | D:3      | Reached XP level 5. HP: 11/28 MP: 0/10
  2176 | D:3      | Reached skill level 5 in Earth Magic
  2194 | D:3      | Identified the +5 falchion of Obrac {freeze, Fragile Fly
                  | rN+++}
  2261 | D:3      | Found Joesotit's Magic Scroll Shop.
  2360 | D:3      | Noticed Ijyb
  2367 | D:3      | Killed Ijyb
  2500 | D:3      | Noticed Grinder
  2507 | D:3      | Killed Grinder
  2508 | D:3      | Reached skill level 5 in Spellcasting
  2508 | D:3      | Reached XP level 6. HP: 21/32 MP: 1/14
  2649 | D:3      | Reached skill level 6 in Earth Magic
  2732 | D:3      | Found a hide-covered altar of Uskayaw.
  2847 | D:3      | Noticed Natasha
  2852 | D:3      | Killed Natasha
  2853 | D:3      | Reached XP level 7. HP: 36/36 MP: 10/15
  2931 | D:3      | Bought a scroll of blinking for 90 gold pieces
  2931 | D:3      | Bought a scroll of identify for 24 gold pieces
  2931 | D:3      | Bought a scroll of teleportation for 36 gold pieces
  3025 | D:3      | Noticed Natasha
  3028 | D:3      | Killed Natasha
  3126 | D:4      | Found a shimmering blue altar of Sif Muna.
  3175 | D:4      | Found a shimmering altar of Xom.
  3178 | D:4      | Found a sparkling altar of Nemelex Xobeh.
  3178 | D:4      | Found an iron altar of Okawaru.
  3178 | D:4      | Found a basalt altar of Yredelemnul.
  3775 | D:4      | Found a hazy altar of Hepliaklqana.
  4076 | D:4      | Reached skill level 7 in Earth Magic
  4150 | D:4      | Found a runed translucent door.
  4151 | D:4      | Noticed Crazy Yiuf
  4158 | D:4      | Killed Crazy Yiuf
  4159 | D:4      | Reached XP level 8. HP: 4/41 MP: 6/18
  4325 | D:5      | Entered Level 5 of the Dungeon
  4788 | D:5      | Identified the +0 leather armour "Xezun" {Harm *Corrode
                  | rPois Will++}
  4978 | D:5      | Reached skill level 8 in Earth Magic
  5368 | D:6      | Noticed Menkaure
  5371 | D:6      | Killed Menkaure
  5372 | D:6      | Reached XP level 9. HP: 45/45 MP: 21/21
  5580 | D:6      | Noticed Edmund
  5583 | D:6      | Reached skill level 9 in Earth Magic
  5587 | D:6      | Killed Edmund
  5990 | D:6      | Found a staircase to the Ecumenical Temple.
  6000 | Temple   | Entered the Ecumenical Temple
  6012 | Temple   | Became a worshipper of Vehumet
  6162 | D:7      | Noticed Prince Ribbit
  6164 | D:7      | Killed Prince Ribbit
  6220 | D:7      | Reached skill level 10 in Spellcasting
  6223 | D:7      | Reached skill level 10 in Earth Magic
  6233 | D:7      | Reached skill level 1 in Conjurations
  6557 | D:7      | Reached XP level 10. HP: 50/50 MP: 24/24
  6651 | D:7      | Identified the +0 leather armour "Ocanaasuo" {rN+ Str+3
                  | Int-3 Dex+3}
  6981 | D:8      | Reached * piety under Vehumet
  6981 | D:8      | Offered knowledge of Magic Dart by Vehumet.
  7134 | D:8      | Reached skill level 5 in Conjurations
  7215 | D:8      | Found a blossoming altar of Fedhas.
  7384 | D:8      | Found an opulent altar of Gozag.
  7393 | D:8      | Noticed a purple ugly thing
  7721 | D:8      | Found a sacrificial altar of Ru.
  7819 | D:8      | Found a staircase to the Lair.
  7837 | D:8      | Reached skill level 11 in Earth Magic
  8161 | D:8      | Learned a level 4 spell: Leda's Liquefaction
  8177 | D:8      | Killed a purple ugly thing
  8361 | D:9      | Offered knowledge of Searing Ray by Vehumet.
  8406 | D:9      | Reached ** piety under Vehumet
  8418 | D:9      | Reached skill level 1 in Summonings
  8418 | D:9      | Reached XP level 11. HP: 37/54 MP: 20/25
  8573 | D:9      | Reached skill level 1 in Necromancy
  8749 | D:9      | Noticed Harold
  8758 | D:9      | Killed Harold
  9004 | D:9      | Found a glowing golden altar of the Shining One.
  9017 | D:9      | Found a staircase to the Orcish Mines.
  9333 | Lair:1   | Entered Level 1 of the Lair of Beasts
  9695 | Lair:1   | Reached skill level 12 in Earth Magic
 10007 | Lair:1   | Reached skill level 10 in Conjurations
 10414 | Lair:1   | Reached skill level 1 in Fighting
 10414 | Lair:1   | Reached XP level 12. HP: 57/60 MP: 27/27
 10600 | Lair:2   | Found a staircase to the Swamp.
 11374 | Lair:2   | Found a transporter.
 11376 | Lair:2   | Found a transporter.
 11804 | Lair:2   | Noticed a boulder beetle
 11804 | Lair:2   | Noticed a boulder beetle
 12317 | D:3      | Bought a scroll of identify for 24 gold pieces
 12317 | D:3      | Bought a scroll of identify for 24 gold pieces
 12317 | D:3      | Bought a scroll of identify for 24 gold pieces
 12317 | D:3      | Bought a scroll of blinking for 90 gold pieces
 12317 | D:3      | Bought a scroll of enchant armour for 90 gold pieces
 12592 | Lair:3   | Found a staircase to the Snake Pit.
 12611 | Lair:3   | Offered knowledge of Momentum Strike by Vehumet.
 12806 | Lair:3   | Noticed Gastronok
 13018 | Lair:3   | Killed Gastronok
 13181 | Lair:3   | Noticed Rupert
 13195 | Lair:3   | Killed Rupert
 13516 | Lair:3   | Noticed a catoblepas
 13528 | Lair:3   | Killed a catoblepas
 13529 | Lair:3   | Reached skill level 13 in Earth Magic
 13543 | Lair:3   | Reached *** piety under Vehumet
 13619 | Lair:3   | Reached skill level 5 in Fighting
 13622 | Lair:3   | Noticed a catoblepas
 13633 | Lair:3   | Killed a catoblepas
 13832 | Lair:3   | Noticed a death yak
 13858 | Lair:3   | Killed a death yak
 13859 | Lair:3   | Reached XP level 13. HP: 28/74 MP: 9/29
 13943 | Lair:3   | Offered knowledge of Dazzling Flash by Vehumet.
 14496 | Lair:3   | Noticed Nessos
 14549 | Lair:3   | Killed Nessos
 15347 | Lair:4   | Found a staircase to the Slime Pits.
 15347 | Lair:4   | Found a viscous altar of Jiyva.
 15664 | Lair:4   | Reached skill level 14 in Earth Magic
 15671 | Lair:4   | Reached **** piety under Vehumet
 15954 | Lair:4   | Offered knowledge of Irradiate by Vehumet.
 16561 | Lair:5   | Entered Level 5 of the Lair of Beasts
 16561 | Lair:5   | Noticed Urug
 17439 | Lair:5   | Reached skill level 5 in Summonings
 17781 | Lair:4   | Gained mutation: Your large and strong wings let you fly.
                  | [Gargoyle growth]
 17781 | Lair:4   | Reached XP level 14. HP: 79/84 MP: 31/31
 17801 | Lair:5   | Killed Urug
 18669 | Lair:5   | Reached ***** piety under Vehumet
 18669 | Lair:5   | Offered knowledge of Olgreb's Toxic Radiance by Vehumet.
 18733 | Lair:5   | Noticed a dire elephant
 19050 | Lair:5   | Upgraded the game from 0.31-a0-455-g1a7b003ef0 to
                  | 0.31-a0-466-g98c9adc2b6
 19339 | Lair:5   | Reached skill level 1 in Fire Magic
 19351 | Lair:5   | Reached skill level 15 in Earth Magic
 19967 | Lair:5   | Killed a dire elephant
 20575 | Lair:5   | HP: 1/86 [polar bear (10)]
 20575 | Lair:5   | Mangled by a polar bear

Illustrated notes

Levels and vault maps discovered:
D:1:      spicycebolla_arrival_clurvy, layout_basic,
          hellmonk_ecumenical_altar_lost_god, minmay_pentomino_o4
D:2:      layout_basic
D:3:      minmay_roachtagon, layout_basic,
          nicolae_uskayaw_murder_on_the_dancefloor, serial_shops,
          nicolae_shop_tiny_glass, uniq_natasha, uniq_grinder, uniq_ijyb
D:4:      layout_basic, mainiacjoe_overflow_alcove_4, kennysheep_mini,
          grunt_temple_overflow_open, uniq_crazy_yiuf_cottage
D:5:      kennysheep_six_static_rooms, layout_loops_ring, minivault_19,
          chequers_mini_garden
D:6:      layout_basic, temple_hall, uniq_edmund, uniq_menkaure
D:7:      cheibrodos_fertilizer, layout_gridville, uniq_prince_ribbit1
D:8:      layout_gridville, fedhas_altar_1, lemuel_doored_altar,
          nicolae_ru_path_of_blood, david_lair_shrubbed, serial_ice,
          serial_ice_b, serial_ice_n, serial_ice_l, serial_ice_a, serial_ice_e,
          serial_ice_m, minmay_liquid_box, minmay_microvault
D:9:      layout_long_grid, mainiacjoe_overflow_alcove_1, orc_0_dummy,
          nicolae_two_hexagons, minivault_11, uniq_harold
Temple:   hellmonk_temple_rainy
Lair:1:   layout_chaotic_city, pdpol_lair_neglected_garden, grunt_megastairs_3
Lair:2:   gammafunk_boulding_lane, layout_layer_cave, swamp_mist_pool
Lair:3:   nzn_winding_woodlands_three_and_one
          [nzn_winding_woodlands_5x15_zeroes,
          nzn_winding_woodlands_5x15_sidewinder,
          nzn_winding_woodlands_5x15_split_checker,
          nzn_winding_woodlands_center_garden], layout_layer_cave,
          minmay_snake_entry_guardpost_small, chequers_serial_rivers_micro_d,
          uniq_rupert, uniq_nessos, uniq_gastronok
Lair:4:   layout_cave_pods, slime_entry_1, lemuel_fruit_fields
Lair:5:   hangedman_lair_in_review, layout_misc_corridors,
          hangedman_lair_caniforms_friends, minmay_lair_oklob_items, uniq_urug

Skill      XL: |  1  2  3  4  5  6  7  8  9 10 11 12 13 14 |
---------------+-------------------------------------------+-----
Earth Magic    | 4 5 6 7 8 10 11 12 13 14 15 | 15.3
Spellcasting   | 3 5 6 8 10 11 12 13 | 13.9
Conjurations   | 2 7 10 11 12 | 12.0
Summonings     | 1 4 5 6 |  6.1
Necromancy     | 1 3 4 |  4.0
Fighting       | 1 5 8 9 |  9.4
Fire Magic     | 3 |  3.1
Dodging        | |  1.5
Stealth        | |  2.1
Transmutations | |  0.7

Action                     |  1- 3 |  4- 6 |  7- 9 | 10-12 | 13-15 || total
---------------------------+-------+-------+-------+-------+-------++-------
  Melee: Unarmed           |     6 |       |       |       |       ||     6
         Dagger            |     3 |    88 |       |       |       ||    91
         Punch             |       |     1 |       |     1 |     1 ||     3
         Falchion          |       |     8 |    10 |    10 |    19 ||    47
   Cast: Sandblast         |    58 |    49 |   194 |   299 |   392 ||   992
         Stone Arrow       |       |     3 |     9 |    72 |   118 ||   202
         Leda's Liquefacti |       |       |       |     4 |     2 ||     6
  Evoke: Wand              |       |       |       |    30 |       ||    30
    Use: Scroll            |       |       |     2 |     3 |    10 ||    15
         Potion            |       |       |       |     2 |     7 ||     9
   Stab: Sleeping          |     1 |       |       |       |       ||     1
 Armour: Robe              |    15 |    66 |    35 |       |       ||   116
         Steam dragon scal |       |       |     2 |   158 |   360 ||   520
         Skin              |       |       |       |       |    19 ||    19
  Dodge: Dodged            |    23 |    85 |    67 |   191 |   334 ||   700

Table legend: (Time is in decaauts)
 A = Elapsed time spent in this place.
 B = Non-inter-level travel time spent in this place.
 C = Inter-level travel time spent in this place.
 D = Time resting spent in this place.
 E = Time spent auto-exploring this place.
 F = Levels seen in this place.
 G = Mean time per level.
                   A        B        C        D        E       F      G
               +--------+--------+--------+--------+--------+-----+--------+
         Total |  21109 |  19613 |   1496 |   2016 |  13991 |  15 | 1407.3 |
       Dungeon |  10066 |   9229 |    837 |      0 |   7734 |   9 | 1118.4 |
        Temple |     24 |      2 |     22 |      0 |      0 |   1 |   24.0 |
          Lair |  11017 |  10380 |    637 |   2016 |   6257 |   5 | 2203.4 |
               +--------+--------+--------+--------+--------+-----+--------+

Top non-repeatable levels by time:
  Lair:5: 3202 daAuts
  Lair:3: 2735 daAuts
  Lair:4: 2198 daAuts
     D:8: 1733 daAuts
  Lair:2: 1663 daAuts
     D:4: 1364 daAuts
     D:3: 1336 daAuts
  Lair:1: 1217 daAuts
     D:1: 1129 daAuts
     D:9: 1009 daAuts
     D:5: 995 daAuts
     D:6: 870 daAuts
     D:7: 850 daAuts
     D:2: 776 daAuts
  Temple: 24 daAuts
